 Dungeon Crawl Stone Soup version 0.26-a0-52-gd53d4cd058 (webtiles) character file.

Game seed: 3594668311784298119

3529 MisterFreud the Carver (level 10, -8/63 HPs)
             Began as an Octopode Gladiator on June 6, 2020.
             Was a Believer of Cheibriados.
             Blown up by Maurice (22 damage)
             ... with a disintegration bolt
             ... on level 8 of the Dungeon.
             The game lasted 00:13:30 (7823 turns).

MisterFreud the Carver (Octopode Gladiator)         Turns: 7823, Time: 00:13:31

Health: -8/63      AC:  1    Str: 25    XL:     10   Next: 8%
Magic:  0/22       EV: 19    Int: 20    God:    Cheibriados [**....]
Gold:   423        SH:  8    Dex: 18    Spells: 9/9 levels left

rFire    . . .     SeeInvis .   a - +1 long sword
rCold    . . .     Gourm    .   p - +3 buckler
rNeg     . . .     Faith    .   b - +0 hat
rPois    .         Spirit   +   g - amulet of Otiseown {Spirit +Inv MP+9 Str+6 Dex-2}
rElec    .         Reflect  .   F - ring of flight
rCorr    .         Harm     .   (no ring)
MR       .....                  (no ring)
Stlth    +++.......             (no ring)
HPRegen  0.20/turn              (no ring)
MPRegen  0.18/turn              (no ring)
                                (no ring)
                                (no ring)

@: very slow
A: almost no armour, stealthy swim, amphibious, 8 rings, constrict 8, camouflage
1, gelatinous body 1
a: Bend Time, Renounce Religion, Evoke Invisibility, Evoke Flight


You were on level 8 of the Dungeon.
You worshipped Cheibriados.
Cheibriados was pleased with you.
You were not hungry.

You visited 2 branches of the dungeon, and saw 9 of its levels.
You also visited: Ossuary.

You collected 423 gold pieces.

Inventory:

Hand Weapons
 a - a +1 long sword (weapon)
Missiles
 c - 4 throwing nets
 B - 4 atropa-tipped darts (quivered)
 J - 2 boomerangs
Armour
 b - a +0 hat (worn)
 o - a +0 kite shield
 p - a +3 buckler (worn)
Jewellery
 g - the amulet of Otiseown (around mantle) {Spirit +Inv MP+9 Str+6 Dex-2}
   (You found it on level 4 of the Dungeon)

   [amulet of guardian spirit]

   It causes incoming damage to be split between your health and magic.
   It affects your strength (+6).
   It affects your dexterity (-2).
   It affects your magic capacity (+9).
   It lets you turn invisible.
 t - an uncursed amulet of the acrobat {unknown}
 F - a ring of flight (left tentacle)
 G - an uncursed amulet of the acrobat {unknown}
Wands
 k - a wand of digging (3)
 s - a wand of paralysis (9)
 u - a wand of polymorph (14)
 w - a wand of iceblast (6)
 D - a wand of flame (19)
 E - a wand of clouds (7)
Scrolls
 h - 2 scrolls of fear {unknown}
 l - a scroll of enchant armour
 v - a scroll of amnesia
 x - 2 scrolls of remove curse
 y - a scroll of teleportation
 z - a scroll of summoning
 A - a scroll of immolation {unknown}
 C - 2 scrolls of magic mapping {unknown}
Potions
 e - 4 potions of curing
 f - a potion of mutation {unknown}
 i - a potion of resistance
 j - a potion of stabbing
 m - a potion of lignification
 n - a potion of magic {unknown}
 q - 3 potions of heal wounds {unknown}
 r - 3 potions of brilliance
 K - a potion of might {unknown}
 M - a potion of flight {unknown}
Comestibles
 d - 14 rations
 L - 3 chunks of flesh


   Skills:
 - Level 4.0 Fighting
 - Level 10.0 Long Blades
 - Level 2.0 Throwing
 - Level 8.0 Dodging
 - Level 4.0 Shields
 + Level 5.2 Invocations


You had 9 spell levels left.
You didn't know any spells.
Your spell library contained the following spells:

 Spells                   Type           Power        Failure   Level  Hunger
 Beastly Appendage        Tmut           #.....       19%         1    ##.....
 Sandblast                Erth           #.....       19%         1    ##.....
 Passwall                 Tmut/Erth      #.......     28%         2    ###....
 Sticks to Snakes         Tmut           #.......     28%         2    ###....
 Spider Form              Tmut/Pois      #.........   50%         3    ####...
 Stone Arrow              Conj/Erth      #.....       50%         3    ####...
 Ice Form                 Ice/Tmut       #.......     88%         4    #####..
 Petrify                  Tmut/Erth      #.......     88%         4    #####..
 Blade Hands              Tmut           #.........   99%         5    ######.
 Lee's Rapid Deconstruct  Erth           #.........   99%         5    ######.


Dungeon Overview and Level Annotations

Branches:
Dungeon (8/15)             Temple (1/1) D:4         Ossuary (visited)
   Lair: D:8-11

Altars:
Ashenzari
Cheibriados
Elyvilon
Fedhas
Hepliaklqana
Kikubaaqudgha
Makhleb
Nemelex Xobeh
Okawaru
Qazlal
Ru
Sif Muna
Trog
Uskayaw
Wu Jian
Xom
Zin

Annotations:
D:8 Maurice


Innate Abilities, Weirdness & Mutations

You cannot wear most types of armour.
You are very stealthy in the water. (Stealth+)
You are amphibious.
You can wear up to eight rings at the same time.
You can use your tentacles to constrict eight enemies at once.
Your skin changes colour to match your surroundings (Stealth+).
Your rubbery body absorbs attacks. (AC +1, EV +1)


Message History

Maurice blinks free!
The orc barely misses you. You block the orc warrior's attack.
Evoke which item? (* to show all) (? for menu, Esc to quit)
Aiming: Paralyse
Press: ? - help, Shift-Dir - straight line, f - orc warrior
Aim: an orc warrior, wielding a +0 glaive and wearing a +0 chain mail (chance to defeat MR: 46%)
The orc warrior resists with some effort.
An orc comes into view. It is wielding a +0 club.
Maurice casts a spell.
Maurice puts on a burst of speed!
Evoke which item? (* to show all) (? for menu, Esc to quit)
Aiming: Paralyse
Press: ? - help, Shift-Dir - straight line, f/p - orc warrior
Aim: an orc warrior, wielding a +0 glaive and wearing a +0 chain mail (chance to defeat MR: 46%)
The orc warrior resists with some effort.
The orc barely misses you.
You riposte.
You slash the orc!
You kill the orc!
Cheibriados thoroughly appreciates the change of pace.
You block the orc warrior's attack.
Maurice zaps a wand.
You are blasted!
You die...

#......##.##.###
#.<....##.##.#
###@##..รท....#
#.#####.####
###.#####.#
###.........#
#....)..#####
.o#.#.))%.#
#....o.@..#
###.#.....#
#......##
#####.## ... ...
... #...#


You could see Maurice (swift), an orc warrior and an orc.

Vanquished Creatures
  Pikel (D:4)
  Grinder (D:4)
  3 orc warriors
  4 sky beasts
  3 slaves (D:4)
  An ice beast (D:5)
  5 ogres
  2 necrophages
  A big kobold (D:4)
  A bullfrog (D:7)
  2 water moccasin zombies (Ossuary)
  A wyvern skeleton (D:7)
  2 scorpions
  3 wights (D:5)
  3 howler monkeys
  A crimson imp (D:7)
  A hound (D:7)
  A bullfrog zombie (D:6)
  A jelly (D:7)
  2 orc priests (D:7)
  Crazy Yiuf (D:7)
  A centaur skeleton (D:6)
  4 orc wizards (D:7)
  Natasha (thrice) (D:2)
  3 worker ants
  3 big kobold zombies (Ossuary)
  2 mummies (Ossuary)
  A worker ant zombie (D:3)
  10 gnolls
  10 adders
  5 adder zombies (Ossuary)
  5 worms
  A dart slug (D:2)
  5 leopard geckos
  17 orcs
  3 giant cockroaches
  7 goblins
  5 hobgoblins
  3 jackals (D:7)
  3 quokkas
  A ball python (D:1)
  11 bats
  4 frilled lizards
  A gnoll zombie (Ossuary)
  7 hobgoblin zombies (Ossuary)
  A jackal skeleton (D:4)
  15 kobolds
  4 kobold zombies (Ossuary)
  5 orc zombies (Ossuary)
  9 rats
189 creatures vanquished.

Vanquished Creatures (collateral kills)
  A quokka (D:4)
1 creature vanquished.

Grand Total: 190 creatures vanquished

Notes
Turn   | Place    | Note
-------+----------+-------------------------------------------
     0 | D:1      | MisterFreud the Octopode Gladiator began the quest for the
                  | Orb.
     0 | D:1      | Reached XP level 1. HP: 14/14 MP: 1/1
   166 | D:1      | Reached XP level 2. HP: 20/20 MP: 2/2
   652 | D:2      | Reached XP level 3. HP: 20/26 MP: 3/3
  1020 | D:2      | Noticed Natasha
  1033 | D:2      | Killed Natasha
  1033 | D:2      | Reached XP level 4. HP: 33/33 MP: 4/4
  1157 | D:2      | Noticed Natasha
  1162 | D:2      | Killed Natasha
  1166 | D:2      | Noticed Natasha
  1175 | D:2      | Killed Natasha
  1175 | D:2      | Reached skill level 4 in Long Blades
  1354 | D:2      | Reached XP level 5. HP: 37/37 MP: 5/5
  1775 | D:2      | Noticed an ogre
  2088 | D:3      | Reached skill level 1 in Shields
  2479 | D:3      | Reached skill level 5 in Long Blades
  2479 | D:3      | Reached XP level 6. HP: 10/43 MP: 6/6
  2905 | D:4      | Noticed Sigmund
  2917 | D:4      | Noticed Sigmund
  2917 | D:4      | Sigmund changed into Sigmund the adder
  2918 | D:4      | Killed Sigmund the adder
  2919 | D:4      | Found a shimmering altar of Xom.
  2947 | D:4      | Found a sand-covered staircase.
  2956 | Ossuary  | Entered an ossuary
  3232 | Ossuary  | Reached XP level 7. HP: 32/48 MP: 7/7
  3392 | Ossuary  | Reached skill level 6 in Long Blades
  3558 | D:4      | Noticed Pikel
  3696 | D:4      | Killed Pikel
  3696 | D:4      | Reached XP level 8. HP: 45/54 MP: 8/8
  3828 | D:4      | Found a hazy altar of Hepliaklqana.
  3861 | D:4      | Found a sparkling altar of Nemelex Xobeh.
  3888 | D:4      | Found a staircase to the Ecumenical Temple.
  3905 | Temple   | Entered the Ecumenical Temple
  3952 | Temple   | Became a worshipper of Cheibriados the Contemplative
  4006 | D:4      | Found an ornate altar of the Wu Jian Council.
  4275 | D:4      | Noticed Grinder
  4281 | D:4      | Paralysed by Grinder for 5 turns
  4304 | D:4      | Killed Grinder
  4635 | D:4      | Got a steaming golden amulet
  4636 | D:4      | Identified the amulet of Otiseown {Spirit +Inv MP+9 Str+6
                  | Dex-2} (You found it on level 4 of the Dungeon)
  4813 | D:5      | Entered Level 5 of the Dungeon
  5021 | D:5      | Reached skill level 7 in Long Blades
  5021 | D:5      | Reached XP level 9. HP: 47/58 MP: 9/9
  5085 | D:5      | Found a burning altar of Makhleb.
  5581 | D:5      | Noticed an angel
  5582 | D:5      | Found a glowing silver altar of Zin.
  5954 | D:6      | Reached skill level 8 in Long Blades
  6028 | D:6      | Reached * piety under Cheibriados
  6337 | D:6      | Found an iron altar of Okawaru.
  6717 | D:7      | Reached ** piety under Cheibriados
  6717 | D:7      | Reached skill level 9 in Long Blades
  7059 | D:7      | Reached skill level 10 in Long Blades
  7059 | D:7      | Reached skill level 1 in Invocations
  7193 | D:7      | Found the +4 Cigotuvi's embrace {rRot *Drain rN+}
  7277 | D:7      | Reached XP level 10. HP: 55/62 MP: 12/12
  7431 | D:7      | Found a runed translucent door.
  7432 | D:7      | Noticed Crazy Yiuf
  7587 | D:7      | Killed Crazy Yiuf
  7789 | D:8      | Reached skill level 5 in Invocations
  7809 | D:8      | Noticed Maurice
  7823 | D:8      | Blown up by Maurice

Illustrated notes

Levels and vault maps discovered:
D:1:      mrwooster_arrival_statue_3, layout_loops_cross
D:2:      layout_loops_ring, kennysheep_generic_room_8, uniq_natasha
D:3:      layout_loops_ring
D:4:      cheibrodos_thug_alley, layout_basic, lemuel_doored_altar,
          kennysheep_little_box, overflow_temple_1_default, temple_statues,
          chequers_ossuary_entry_cave, first_ration, xom_teletrap_fun,
          uniq_grinder, uniq_sigmund, uniq_pikel
D:5:      layout_loops_ring, lemuel_coloured_pillars_altar, zin_angel,
          minmay_misc_feat_plants
D:6:      layout_gridville, minmay_misc_feat_roman, okawaru_altar_gauntlet_db
D:7:      layout_cave_pools, uniq_crazy_yiuf_cottage
D:8:      layout_loops_cross, nicolae_gozag_seed_capital, serial_shops,
          nicolae_shop_stone, david_nohive_1, grunt_qazlal_sundering,
          uniq_harold, uniq_maurice, uniq_gastronok, uniq_maggie
Temple:   kb_temple_of_zot

Skill      XL: |  1  2  3  4  5  6  7  8  9 10 |
---------------+-------------------------------+-----
Fighting       | 3 4 |  4.0
Long Blades    | 4 5 6 7 10 | 10.0
Shields        | 1 3 4 |  4.0
Dodging        | 6 8 |  8.0
Invocations    | 3 5 |  5.2
Throwing       | |  2.0

Action                   |  1- 3 |  4- 6 |  7- 9 | 10-12 || total
-------------------------+-------+-------+-------+-------++-------
Melee: Long sword        |    36 |   114 |   253 |    26 ||   429
       Constrict         |     8 |    40 |    60 |     8 ||   116
       Tentacles         |     8 |    32 |    81 |     9 ||   130
       Unarmed           |       |    10 |       |       ||    10
Throw: Dart              |       |       |     4 |       ||     4
Evoke: Wand              |       |     2 |     1 |     2 ||     5
  Use: Potion            |       |     2 |     1 |     1 ||     4
       Scroll            |       |     8 |     5 |     1 ||    14
 Stab: Sleeping          |    10 |    10 |     3 |       ||    23
  Eat: Chunk             |       |     7 |     9 |     1 ||    17
       Ration            |       |       |     1 |       ||     1
Armor: Skin              |     5 |     5 |    11 |       ||    21
Dodge: Dodged            |    12 |    61 |   165 |    20 ||   258
Block: Buckler           |       |    19 |    77 |    16 ||   112
       Rpst.: Long sword |     5 |    17 |    42 |     5 ||    69

Table legend:
 A = Non-vault XP
 B = Vault XP
 C = Vault XP percentage of total XP
 D = Non-vault monster count
 E = Vault monster count
 F = Vault count percentage of total count
                 A         B        C        D         E       F
            +---------+---------+-------+---------+---------+-------
      Total |    3550 |    1492 |  29.6 |     134 |      53 |  28.3
            +---------+---------+-------+---------+---------+-------
        D:1 |      19 |       0 |   0.0 |      15 |       0 |   0.0
        D:2 |     125 |      49 |  28.2 |      22 |       3 |  12.0
        D:3 |     143 |       0 |   0.0 |      26 |       0 |   0.0
        D:4 |     454 |    1051 |  69.8 |      14 |      14 |  50.0
        D:5 |     506 |       0 |   0.0 |       8 |       0 |   0.0
        D:6 |     498 |      37 |   6.9 |       8 |       6 |  42.9
        D:7 |    1474 |      40 |   2.6 |      32 |       1 |   3.0
        D:8 |     331 |       0 |   0.0 |       9 |       0 |   0.0
    Ossuary |       0 |     315 | 100.0 |       0 |      29 | 100.0
            +---------+---------+-------+---------+---------+-------
